 Dungeon Crawl Stone Soup version 0.30-a0-652-gcc886f7154 (webtiles) character file.

Game seed: 1379151940080506097

57 mampy3000 the Cudgeller (level 3, -3/34 HPs)
             Began as a Minotaur Berserker on Jan 17, 2023.
             Was a Believer of Trog.
             Slain by an orc priest
             ... wielding a +2 dagger of venom
              (5 damage)
             ... while paralysed by Grinder
             ... on level 3 of the Dungeon.
             The game lasted 00:05:13 (1852 turns).

mampy3000 the Cudgeller (Minotaur Berserker)        Turns: 1852, Time: 00:05:14

Health: -3/34      AC:  5    Str: 21    XL:     3   Next: 73%
Magic:  2/2        EV: -1    Int:  4    God:    Trog [**....]
Gold:   111        SH:  0    Dex: 11    Spells: 2/2 levels left

rFire   . . .      SeeInvis .    a - +0 mace
rCold   . . .      Faith    .    (no shield)
rNeg    . . .      Spirit   .    l - +0 ring mail
rPois   .          Reflect  .    (helmet restricted)
rElec   .          Harm     .    (no cloak)
rCorr   .          Rampage  .    (no gloves)
Will    .....                    (no boots)
Stlth   +                        (no amulet)
HPRegen 0.25/turn                (no ring)
MPRegen 0.08/turn                (no ring)

@: paralysed, lethally poisoned (-3 -> -11), on berserk cooldown, slowed,
constricted
A: horns 2, retaliatory headbutt
a: Renounce Religion, Berserk, Trog's Hand


You were on level 3 of the Dungeon.
You worshipped Trog.
Trog was pleased with you.
You visited 1 branch of the dungeon, and saw 3 of its levels.

You collected 111 gold pieces.

Inventory:

Hand Weapons
 a - a +0 mace (weapon)
Missiles
 j - 6 boomerangs (quivered)
Armour
 b - a +1 animal skin
 l - a +0 ring mail (worn)
Scrolls
 c - a scroll of noise
 d - 2 scrolls of identify
 e - 2 scrolls of enchant armour
 i - 2 scrolls of poison {unknown}
Potions
 f - a potion of lignification {unknown}
 g - 4 potions of heal wounds
 k - a potion of might {unknown}
 m - a potion of brilliance {unknown}
 n - a potion of attraction {unknown}
 o - a potion of magic {unknown}


   Skills:
 + Level 4.3 Fighting
 + Level 4.5 Maces & Flails
 + Level 2.6 Armour
 + Level 2.8 Dodging
 + Level 0.2 Stealth


You had 2 spell levels left.
You didn't know any spells.
Your spell library was empty.

Dungeon Overview and Level Annotations

Branches:
Dungeon (3/15)

Altars:

Shops:
D:2 **=?

Annotations:
D:3 Grinder


Innate Abilities, Weirdness & Mutations

You have a pair of horns on your head.
You reflexively headbutt those who attack you in melee.


Message History

You kill the orc!
Trog accepts your kill. The frilled lizard bites you.
The orc hits you but does no damage.
You closely miss the orc. You sock the orc!
You kill the orc!
Trog accepts your kill. The frilled lizard misses you. You furiously retaliate!
You headbutt the frilled lizard!
You kill the frilled lizard!
Trog accepts your kill.
You hit the frilled lizard.
You kill the frilled lizard!
Trog accepts your kill.
You sock Grinder! Your headbutt misses Grinder.
Grinder is heavily wounded.
Grinder gestures at you.
You suddenly lose the ability to move!
The orc throws a boomerang.
The boomerang hits you but does no damage.
You are no longer berserk.
You feel yourself slow down.
The ball python bites you but does no damage.
The ball python grabs you. The ball python constricts you.
The orc priest hits you but does no damage.
Grinder hits you but does no damage. The ball python bites you.
The ball python constricts you.
The orc priest hits you with a +2 dagger of venom.
You are poisoned.
Grinder gestures at you.
You barely resist.
You feel very sick.
The ball python bites you but does no damage.
The ball python constricts you. Grinder hits you.
* * * LOW HITPOINT WARNING * * *
You writhe in agony.
* * * LOW HITPOINT WARNING * * *
The orc throws a boomerang.
The boomerang hits you.
* * * LOW HITPOINT WARNING * * *
The orc priest hits you with a +2 dagger of venom.
You die...

.. ... #######
....
##.....##....
##............
#..<.=........
#.............
#....oS.......
#...5@†o.$....
#.....).......
#.............
##............
##.....#.....
#######.####
.#


You could see Grinder, an orc priest, an orc and a ball python.

Vanquished Creatures
  A dart slug (D:1)
  3 orcs (D:3)
  3 ball pythons (D:1)
  4 endoplasms
  7 goblins
  6 hobgoblins
  7 jackals (D:1)
  2 quokkas
  2 bats
  2 frilled lizards (D:3)
  4 kobolds
  2 rats (D:1)
43 creatures vanquished.

Notes
Turn   | Place    | Note
-------+----------+-------------------------------------------
     0 | D:1      | mampy3000 the Minotaur Berserker began the quest for the
                  | Orb.
     0 | D:1      | Reached XP level 1. HP: 19/19 MP: 0/0
    99 | D:1      | Reached XP level 2. HP: 27/27 MP: 1/1
   539 | D:1      | Reached XP level 3. HP: 32/33 MP: 2/2
   984 | D:2      | Found Inieq's General Store.
  1013 | D:2      | Found Mulugh's General Store.
  1128 | D:2      | Reached ** piety under Trog
  1231 | D:2      | Found Anit's Magic Scroll Boutique.
  1244 | D:2      | Found Pemoc's Jewellery Emporium.
  1834 | D:3      | Noticed Grinder
  1840 | D:3      | Paralysed by Grinder for 3 turns
  1849 | D:3      | Paralysed by Grinder for 4 turns
  1852 | D:3      | Slain by an orc priest

Illustrated notes

Levels and vault maps discovered:
D:1:      onia_arrival_mini_maze_b, layout_loops_ring
D:2:      layout_basic, serial_shops, shop_fountains, shop,
          nicolae_shop_waterfront, shop
D:3:      minmay_razor_zed, layout_rooms, mainiacjoe_overflow_surrounded_room,
          serial_rivers, chequers_serial_rivers_micro_a,
          chequers_serial_rivers_micro_a, chequers_serial_rivers_large_b,
          chequers_serial_rivers_micro_a, uniq_robin, uniq_grinder

Skill      XL: |  1  2 |
---------------+-------+-----
Maces & Flails | 4 |  4.5
Fighting       | 4 |  4.3
Armour         | |  2.6
Dodging        | |  2.8
Stealth        | |  0.2

Action                   || total
-------------------------++-------
Melee: Mace              ||    73
       Headbutt          ||    11
Invok: Berserk           ||     2
  Use: Scroll            ||     5
 Stab: Sleeping          ||     2
Armor: Animal skin       ||    10
       Ring mail         ||     8
Dodge: Dodged            ||    55

Table legend: (Time is in decaauts)
 A = Elapsed time spent in this place.
 B = Non-inter-level travel time spent in this place.
 C = Inter-level travel time spent in this place.
 D = Time resting spent in this place.
 E = Time spent auto-exploring this place.
 F = Levels seen in this place.
 G = Mean time per level.
                   A        B        C        D        E       F      G
               +--------+--------+--------+--------+--------+-----+--------+
         Total |   1872 |   1692 |    180 |      0 |   1440 |   3 |  624.0 |
       Dungeon |   1872 |   1692 |    180 |      0 |   1440 |   3 |  624.0 |
               +--------+--------+--------+--------+--------+-----+--------+

Top non-repeatable levels by time:
     D:1: 994 daAuts
     D:2: 852 daAuts
     D:3: 25 daAuts
